 Dungeon Crawl Stone Soup version 0.31.0-32-g396128a36d (webtiles) character file.

Game seed: 18134538372524969584

119209 Wiggles the Executioner (level 16, -13/155 HPs)
             Began as a Minotaur Berserker on Mar 12, 2024.
             Was the Champion of Trog.
             Mangled by a mana viper (14 damage)
             ... on level 2 of the Snake Pit.
             The game lasted 00:41:39 (22875 turns).

Wiggles the Executioner (Minotaur Berserker)       Turns: 22875, Time: 00:41:39

Health: -13/155    AC: 38    Str: 30    XL:     16   Next: 27%
Magic:  0/15       EV:  3    Int:  6    God:    Trog [******]
Gold:   1098       SH: 30    Dex: 13    Spells: 15/15 levels left

rFire   . . .        L - +1 broad axe (chaos)
rCold   + . .        q - +18 shield of the Gong {Loud rN+ Will+ rCorr EV-5}
rNeg    + . .        x - +0 crystal plate armour of Subjectivity {rC+ Dex+3}
rPois   +            o - +2 hat
rElec   .            F - +2 cloak {Will+}
rCorr   +            (no gloves)
SInv    .            H - +2 pair of boots of Qumi Tyo {rPois Int+2}
Will    +++..        m - amulet of guardian spirit Stlth
                     b - +4 ring of protection
HPRegen 0.45/turn    u - ring of poison resistance
MPRegen 0.14/turn

%: guardian spirit
@: lethally poisoned (-13 -> -29), on berserk cooldown, slowed, studying Staves,
very slow
A: horns 2, retaliatory headbutt
a: Renounce Religion, Berserk, Trog's Hand, Brothers in Arms


You were on level 2 of the Snake Pit.
You worshipped Trog.
Trog was exalted by your worship.
You visited 4 branches of the dungeon, and saw 24 of its levels.
You also visited: Ossuary and Bailey.

You collected 2839 gold pieces.
You spent 1741 gold pieces at shops.

Inventory:

Hand Weapons
 L - a +1 broad axe of chaos (weapon)
 R - a +4 executioner's axe of draining
Missiles
 a - 6 throwing nets (quivered)
Armour
 o - a +2 hat (worn)
 q - the +18 shield of the Gong (worn) {Loud rN+ Will+ rCorr EV-5}
   (You found it on level 15 of the Dungeon)

   Loud:      It is deafeningly noisy when blocking attacks.
   EV-5:      It affects your evasion (-5).
   rN+:       It protects you from negative energy.
   Will+:     It increases your willpower.
   rCorr:     It protects you from acid and corrosion.
 x - the +0 crystal plate armour of Subjectivity (worn) {rC+ Dex+3}
   (You bought it in a shop on level 2 of the Orcish Mines)

   Dex+3:     It affects your dexterity (+3).
   rC+:       It protects you from cold.
 F - a +2 cloak of willpower (worn)
 H - the +2 pair of boots of Qumi Tyo (worn) {rPois Int+2}
   (You found it in a bailey)

   Int+2:     It affects your intelligence (+2).
   rPois:     It protects you from poison
 J - +0 fire dragon scales
 M - the +2 shield of Resistance {rF++ rC++ Will++}
   (You found it on level 11 of the Dungeon)

   rF++:      It greatly protects you from fire.
   rC++:      It greatly protects you from cold.
   Will++:    It greatly increases your willpower.
Jewellery
 b - a +4 ring of protection (left hand)
 k - a +6 ring of strength
 l - a ring of willpower
 m - an amulet of guardian spirit (around neck)
 u - a ring of poison resistance (right hand)
 A - a ring of resist corrosion
Wands
 c - a wand of flame (54)
 w - a wand of charming (5)
 B - a wand of roots (34)
 I - a wand of light (12)
 K - a wand of mindburst (9)
 T - a wand of digging (6)
 Y - a wand of polymorph (2)
Scrolls
 j - 10 scrolls of teleportation
 n - a scroll of immolation
 p - 3 scrolls of revelation
 r - 3 scrolls of blinking
 t - 2 scrolls of enchant armour
 v - 3 scrolls of fear
 D - a scroll of summoning
 P - 7 scrolls of identify
 Z - a scroll of fog
Potions
 d - 4 potions of magic
 e - a potion of berserk rage
 f - 19 potions of curing
 g - a potion of resistance
 h - 2 potions of ambrosia
 i - a potion of invisibility
 s - 9 potions of mutation
 z - 2 potions of lignification
 C - 8 potions of might
 E - 2 potions of enlightenment
 G - 2 potions of cancellation
 U - a potion of heal wounds
Miscellaneous
 y - a box of beasts
 Q - a phantom mirror


   Skills:
 + Level 17.4 Fighting
 + Level 21.1 Axes
 + Level 16.7 Armour
 + Level 5.7 Dodging
 + Level 3.2 Stealth
 + Level 13.9 Shields


You had 15 spell levels left.
You didn't know any spells.
Your spell library was empty.

Dungeon Overview and Level Annotations

Branches:
Dungeon (15/15)            Temple (0/1) D:5            Lair (5/5) D:10
 Shoals (0/4) Lair:2        Snake (2/4) Lair:2        Slime (0/5) Lair:4
    Orc (2/2) D:11            Elf (0/3) Orc:2        Vaults (0/5) D:14
 Depths (0/4) D:15        Ossuary (visited)          Bailey (visited)

Altars:
Cheibriados
Dithmenos
Gozag
Makhleb
Okawaru
Ru
Sif Muna
Trog
Uskayaw
Wu Jian
Yredelemnul
The Shining One
Jiyva

Shops:
D:4 ?=   Orc:2 *((([   Snake:1 [   Snake:2 *

Annotations:
D:11 1 runed translucent door
Lair:3 2 transporters, Fuxod's ghost, journeyman GnWn


Innate Abilities, Weirdness & Mutations

You have a pair of horns on your head.
You reflexively headbutt those who attack you in melee.


Message History

Trog accepts your kill.
You slash the wolf spider!
The wolf spider seems to speed up.
* * * LOW HITPOINT WARNING * * *
You feel extremely sick. You block the wolf spider's attack.
GONNNNG!
The wolf spider bites you.
* * * LOW HITPOINT WARNING * * *
You block the mana viper's attack.
GONNNNG!
You block the wolf spider's attack.
GONNNNG!
The wolf spider bites you but does no damage.
A nagaraja comes into view. It is wielding a +0 club.
The naga hits you with a +0 war axe.
* * * LOW HITPOINT WARNING * * *
The naga constricts you.
The mana viper bites you but does no damage.
The wolf spider hits you!
* * * LOW HITPOINT WARNING * * *
The wolf spider bites you but does no damage.
You hear a shout! x2
You slice the naga!!
You kill the naga!
Trog accepts your kill.
You barely miss the mana viper.
You hit the wolf spider but do no damage.
You drain the wolf spider.
* * * LOW HITPOINT WARNING * * *
You feel extremely sick. You block the wolf spider's attack.
BONNNG!
You block the wolf spider's attack.
GONNNNG!
The mana viper bites you but does no damage.
You block the wolf spider's attack.
BOUMMMMG!
The wolf spider bites you but does no damage.
The mana viper bites you!
You die...

.... . .... #.
..... #..######
.... ........#
..∩
........#####.##
#......).).....#
#.<†)@)..#
........)†s.SN.#
###.##########.#
#


You could see a nagaraja, a wolf spider (fast, drained) and a mana viper.

Vanquished Creatures
  Jorgrun (D:15)
  Roxanne (D:15)
  Aizul (Snake:2)
  The ghost of zeteo the Protected, a journeyman MiFi of Yredelemnul (Orc:2)
  4 dire elephants (Lair:5)
  Nessos (D:13)
  An ettin (D:15)
  The ghost of RockinRobin the Blocker, a journeyman FoFi of Okawaru (D:11)
  Snorg (Orc:1)
  A fire dragon (D:14)
  Erolcha (D:13)
  A hydra (Lair:5)
  2 catoblepae
  2 anacondas (Snake:1)
  2 death knights
  3 centaur warriors
  2 dancing weapons (D:14)
  2 boulder beetles
  A tengu warrior (D:15)
  12 death yaks
  3 two-headed ogres
  3 naga warriors (Snake:1)
  A naga sharpshooter (Snake:1)
  An occultist (D:15)
  Nergalle (Orc:1)
  2 shock serpents (Snake:2)
  A fire crab (Lair:5)
  A skyshark (Lair:5)
  6 mana vipers
  A spectral anaconda (Lair:5)
  An obsidian statue (Lair:5)
  Pikel (D:4)
  An arcanist (D:13)
  3 naga ritualists
  A phantasmal warrior (D:14)
  7 ugly things
  4 orc knights
  A lindwurm (Lair:5)
  5 necromancers
  4 manticores
  An orc sorcerer (Orc:2)
  4 cyclopes
  4 salamanders
  3 meliai (D:11)
  5 kobold blastminers
  8 elephants (Lair:5)
  A meliai (shapeshifter) (D:14)
  2 guardian serpents
  16 black mambas
  4 naga magi
  A molten gargoyle (Orc:1)
  9 cane toads
  3 gargoyles
  A torpor snail (Lair:3)
  An eye of devastation (shapeshifter) (D:15)
  An efreet (D:14)
  A rime drake (Lair:1)
  3 kobold demonologists (D:11)
  10 komodo dragons
  3 freezing wraiths
  A tengu conjurer (D:15)
  10 trolls
  A polar bear (shapeshifter) (D:13)
  7 hornets
  3 polar bears
  21 blink frogs
  7 dream sheep
  Sigmund (D:2)
  9 slime creatures
  4 vampires
  2 shadows
  41 yaks
  4 wyverns
  2 wraiths (D:14)
  2 death yak simulacra (Lair:5)
  8 basilisks
  2 steam dragons (D:7)
  2 vampire mosquitoes (D:13)
  A warg (Orc:2)
  17 nagas
  An acid dragon (D:9)
  10 water moccasins
  46 orc warriors
  2 ice beasts
  3 sky beasts (D:7)
  4 laughing skulls (D:14)
  2 black bears
  An elephant zombie (Lair:5)
  5 ogres
  22 centaurs
  13 wolves
  12 kobold brigands
  11 bullfrogs
  6 gnoll sergeants
  A scorpion (D:7)
  12 wights
  A hornet simulacrum (D:14)
  A burial acolyte (Ossuary)
  8 vampire bats (Bailey)
  5 howler monkeys
  An electric eel (Lair:3)
  5 wolf zombies (Bailey)
  4 lava snakes
  3 bombardier beetles
  3 jellies
  11 orc priests
  2 hounds (D:5)
  A sleepcap (D:6)
  3 iguanas
  16 orc wizards
  A mummy (Ossuary)
  26 gnolls
  9 adders
  A shadow imp (D:6)
  2 white imps
  4 ufetubi (D:6)
  3 dart slugs
  6 ribbon worms
  74 orcs
  7 endoplasms
  3 giant cockroaches
  10 goblins
  4 hobgoblins
  4 jackals (D:1)
  3 quokkas
  6 ball pythons
  5 bats
  3 frilled lizards (D:1)
  6 gnoll skeletons (Ossuary)
  21 kobolds
  7 kobold skeletons (Ossuary)
  7 orc skeletons (Ossuary)
  21 orc zombies (Bailey)
  4 rats
767 creatures vanquished.

Vanquished Creatures (collateral kills)
  2 fire dragons (D:11)
  2 ice dragons (D:11)
  3 hydras
  A death yak (Lair:2)
  An orc knight (Orc:2)
  A cane toad (Lair:5)
  2 rime drakes (Lair:5)
  A dream sheep (Lair:5)
  A basilisk (Lair:2)
  A warg (Orc:2)
  A naga (Snake:1)
  2 water moccasins
  An orc warrior (Orc:2)
  A centaur (Orc:2)
  A kobold brigand (D:11)
  A gnoll sergeant (D:11)
  3 gnolls (D:11)
  4 orcs (D:11)
29 creatures vanquished.

Vanquished Creatures (others)
  A black mamba zombie (Snake:1)
  A steam dragon (D:7)
  An orc zombie (Orc:1)
3 creatures vanquished.

Grand Total: 799 creatures vanquished

Notes
Turn   | Place    | Note
-------+----------+-------------------------------------------
     0 | D:1      | Wiggles the Minotaur Berserker began the quest for the Orb.
     0 | D:1      | Reached XP level 1. HP: 19/19 MP: 0/0
    76 | D:1      | Reached XP level 2. HP: 20/27 MP: 1/1
    77 | D:1      | Reached skill level 4 in Axes
   212 | D:1      | Reached ** piety under Trog
   400 | D:1      | Reached XP level 3. HP: 33/33 MP: 2/2
   838 | D:2      | Noticed Sigmund
   849 | D:2      | Killed Sigmund
   850 | D:2      | Reached skill level 5 in Fighting
   850 | D:2      | Reached skill level 5 in Axes
   850 | D:2      | Reached XP level 4. HP: 34/42 MP: 3/3
   850 | D:2      | Reached XP level 5. HP: 39/48 MP: 4/4
  1024 | D:2      | You fall into a shaft and drop 2 floors!
  1034 | D:4      | Reached skill level 6 in Axes
  1036 | D:4      | Reached XP level 6. HP: 56/56 MP: 5/5
  1670 | D:3      | Found an ornate altar of the Wu Jian Council.
  1733 | D:3      | Reached *** piety under Trog
  2179 | D:4      | Found Lokk's Magic Scroll Emporium.
  2186 | D:4      | Found Buipowev's Jewellery Shoppe.
  2414 | D:4      | Found a basalt altar of Yredelemnul.
  2491 | D:4      | Noticed Pikel
  2513 | D:4      | Killed Pikel
  2514 | D:4      | Reached skill level 8 in Axes
  2514 | D:4      | Reached skill level 5 in Armour
  2514 | D:4      | Reached XP level 7. HP: 26/62 MP: 3/6
  2722 | D:4      | Found a sacrificial altar of Ru.
  2837 | D:4      | Found Ikoifacemp's Magic Scroll Emporium.
  2846 | D:4      | Bought a scroll of enchant armour for 82 gold pieces
  2846 | D:4      | Bought a scroll of identify for 22 gold pieces
  2846 | D:4      | Bought a scroll of identify for 22 gold pieces
  3017 | D:5      | Entered Level 5 of the Dungeon
  3027 | D:5      | Reached XP level 8. HP: 63/70 MP: 7/7
  3167 | D:5      | Reached skill level 1 in Stealth
  3352 | D:5      | Found a staircase to the Ecumenical Temple.
  3458 | D:5      | Reached skill level 9 in Axes
  3477 | D:5      | Found a sand-covered staircase.
  3482 | Ossuary  | Entered an ossuary
  3894 | D:5      | Reached **** piety under Trog
  3895 | D:5      | Reached skill level 10 in Axes
  4316 | D:6      | Found an iron altar of Okawaru.
  4316 | D:6      | Found a runed translucent door.
  4321 | D:6      | Found the +0 toga "Victory" {*Victory Clar}
  4604 | D:6      | Reached XP level 9. HP: 79/79 MP: 8/8
  4676 | D:6      | Found a burning altar of Makhleb.
  4676 | D:6      | Found a snail-covered altar of Cheibriados.
  4746 | D:6      | Reached skill level 11 in Axes
  4826 | D:6      | Identified a scroll of acquirement
  4826 | D:6      | Acquired 484 gold pieces
  5229 | D:7      | Reached skill level 12 in Axes
  5661 | D:7      | Reached ***** piety under Trog
  6280 | D:8      | Reached XP level 10. HP: 90/90 MP: 9/9
  6300 | D:8      | Reached skill level 13 in Axes
  6476 | D:8      | Identified the +6 trident of the Beginning {flame, *Noise
                  | rPois Str+4 Int+3}
  6549 | D:8      | Reached skill level 14 in Axes
  6865 | D:8      | Found an opulent altar of Gozag.
  7127 | D:9      | Received a gift from Trog
  7363 | D:9      | Reached skill level 15 in Axes
  7462 | D:9      | Reached XP level 11. HP: 79/97 MP: 10/10
  7529 | D:9      | Reached skill level 10 in Armour
  7679 | D:9      | Found a glowing golden altar of the Shining One.
  7875 | D:9      | Found a hide-covered altar of Uskayaw.
  7951 | D:10     | Entered Level 10 of the Dungeon
  7951 | D:10     | Found a shadowy altar of Dithmenos.
  8116 | D:10     | Found a flagged portal.
  8129 | Bailey   | Entered a bailey
  8416 | Bailey   | Identified the +2 pair of boots of Qumi Tyo {rPois Int+2}
  8786 | D:10     | Reached skill level 10 in Fighting
  8826 | D:10     | Found a staircase to the Lair.
  8853 | D:10     | Found a shimmering blue altar of Sif Muna.
  8890 | D:10     | Noticed a two-headed ogre
  8896 | D:10     | Killed a two-headed ogre
  9327 | D:11     | Found a runed translucent gate.
  9328 | D:11     | Found a runed translucent gate.
  9329 | D:11     | Found a runed translucent gate.
  9331 | D:11     | Noticed RockinRobin's ghost (journeyman FoFi)
  9401 | D:11     | Found a runed translucent door.
  9401 | D:11     | Noticed an ice dragon
  9402 | D:11     | Noticed an ice dragon
  9402 | D:11     | Found the +2 shield of Resistance {rF++ rC++ Will++}
  9402 | D:11     | Noticed a fire dragon
  9403 | D:11     | Noticed a fire dragon
  9415 | D:11     | Killed a fire dragon
  9416 | D:11     | Reached skill level 16 in Axes
  9417 | D:11     | Killed an ice dragon
  9419 | D:11     | Killed a fire dragon
  9421 | D:11     | Killed an ice dragon
  9428 | D:11     | Found a runed translucent door.
  9939 | D:11     | Reached skill level 17 in Axes
  9941 | D:11     | Received a gift from Trog
  9944 | D:11     | Reached XP level 12. HP: 102/110 MP: 11/11
 10049 | D:11     | Found a staircase to the Orcish Mines.
 10485 | D:11     | Reached skill level 1 in Shields
 10490 | D:11     | Killed RockinRobin's ghost
 10653 | D:12     | Noticed a two-headed ogre
 10660 | D:12     | Killed a two-headed ogre
 10926 | D:12     | Noticed a boulder beetle
 10934 | D:12     | Killed a boulder beetle
 11175 | D:12     | Noticed a two-headed ogre
 11180 | D:12     | Killed a two-headed ogre
 11374 | Lair:1   | Entered Level 1 of the Lair of Beasts
 11413 | Lair:1   | Reached skill level 18 in Axes
 11738 | Lair:1   | Received a gift from Trog
 12285 | Lair:2   | Reached XP level 13. HP: 109/119 MP: 10/12
 12393 | Lair:2   | Reached skill level 5 in Dodging
 12394 | Lair:2   | Reached skill level 5 in Shields
 12601 | Lair:2   | Found a staircase to the Shoals.
 12668 | Lair:2   | Found a staircase to the Snake Pit.
 13115 | Lair:3   | Found a bloodstained altar of Trog.
 13115 | Lair:3   | Noticed Fuxod's ghost (journeyman GnWn)
 13122 | Lair:3   | Found a transporter.
 13142 | Lair:3   | Found a transporter.
 13164 | Lair:3   | Reached skill level 19 in Axes
 14393 | Lair:4   | Reached XP level 14. HP: 132/132 MP: 13/13
 14707 | Lair:4   | Found a viscous altar of Jiyva.
 14707 | Lair:4   | Found a staircase to the Slime Pits.
 14813 | Lair:5   | Entered Level 5 of the Lair of Beasts
 14824 | Lair:5   | Received a gift from Trog
 15176 | Lair:5   | Reached skill level 15 in Armour
 15832 | Lair:5   | Reached skill level 15 in Fighting
 16021 | Lair:5   | Reached skill level 20 in Axes
 16931 | D:13     | Noticed Nessos
 16948 | D:13     | Killed Nessos
 17194 | D:13     | Noticed Erolcha
 17206 | D:13     | Killed Erolcha
 17965 | D:14     | Found a shimmering blue altar of Sif Muna.
 18037 | D:14     | Reached XP level 15. HP: 113/143 MP: 10/14
 18108 | D:14     | Identified the +5 leather armour of the Sun {rF++ Will+
                  | Str-3 Dex+3}
 18227 | D:14     | Reached skill level 10 in Shields
 18238 | D:14     | Found a gate to the Vaults.
 18272 | D:14     | Reached ****** piety under Trog
 18832 | D:15     | Entered Level 15 of the Dungeon
 18892 | D:15     | Noticed Jorgrun
 18907 | D:15     | Killed Jorgrun
 19104 | D:15     | Noticed Roxanne
 19113 | D:15     | Killed Roxanne
 19113 | D:15     | Received a gift from Trog
 19177 | D:15     | Found a staircase to the Depths.
 19669 | D:15     | Found the +18 shield of the Gong {Loud rN+ Will+ rCorr
                  | EV-5}
 19828 | Orc:1    | Entered Level 1 of the Orcish Mines
 19845 | Orc:1    | Noticed Nergalle
 19857 | Orc:1    | Killed Nergalle
 19869 | Orc:1    | Noticed Snorg
 19881 | Orc:1    | Killed Snorg
 20023 | Orc:1    | Received a gift from Trog
 20321 | Orc:2    | Entered Level 2 of the Orcish Mines
 20436 | Orc:2    | Found Ejounk's Antique Weapon Shop.
 20436 | Orc:2    | Found Qaytaqi's Weapon Shoppe.
 20638 | Orc:2    | Found a staircase to the Elven Halls.
 20638 | Orc:2    | Found Quferr's General Store.
 20648 | Orc:2    | Bought a scroll of enchant armour for 112 gold pieces
 20676 | Orc:2    | Found Apraceck's Antique Weapon Boutique.
 20678 | Orc:2    | Found Hukefaese's Armour Emporium.
 20690 | Orc:2    | Bought the +0 crystal plate armour of Subjectivity {rC+
                  | Dex+3} for 1503 gold pieces
 20776 | Orc:2    | Found a runed translucent gate.
 20776 | Orc:2    | Found a runed translucent gate.
 20776 | Orc:2    | Found a runed translucent gate.
 20778 | Orc:2    | Noticed zeteo's ghost (journeyman MiFi)
 21222 | Orc:2    | Killed zeteo's ghost
 21586 | Snake:1  | Entered Level 1 of the Snake Pit
 21834 | Snake:1  | Received a gift from Trog
 21949 | Snake:1  | Reached XP level 16. HP: 155/155 MP: 15/15
 22039 | Snake:1  | Reached skill level 21 in Axes
 22441 | Snake:1  | Found Ruturche's Armour Emporium.
 22588 | Snake:1  | Identified the +3 sling "Maeri" {speed, ^Contam rPois Str+7
                  | Dex+2}
 22831 | Snake:2  | Identified the serpent talisman "Sosmasec" {Str+7 Stlth+}
 22831 | Snake:2  | Noticed Aizul
 22850 | Snake:2  | Found Munwig's General Store.
 22856 | Snake:2  | Killed Aizul
 22874 | Snake:2  | HP: 7/155 [wolf spider (11)]
 22875 | Snake:2  | HP: 1/155 [poisoned by a wolf spider]
 22875 | Snake:2  | Mangled by a mana viper

Illustrated notes

Levels and vault maps discovered:
D:1:      co_arrival_square_in_a_square_in_a_square, layout_loops_ring
D:2:      minmay_door_path, layout_rooms, uniq_sigmund
D:3:      layout_loops_ring, nicolae_wu_jian_immortal_techniques
D:4:      layout_loops_ring, old_standard_altar, nicolae_overflow_crystal_walls,
          serial_shops, shop, shop, nicolae_shop_hallway_stairs,
          skrybe_limestone_x, chequers_serial_rivers_micro_e,
          minmay_manual_monolith, uniq_pikel
D:5:      layout_basic, minmay_temple_entry_ruins, enter_ossuary_5,
          nicolae_nh_ransacked_shop
D:6:      layout_rooms, nicolae_overflow_guarded_unrand_okawaru_victory,
          nicolae_overflow_hidden_temple, kennysheep_generic_room_6
D:7:      cheibrodos_steamvent, layout_loops_cross, serial_library,
          serial_library_hellmonk_double_dead_end,
          serial_library_hellmonk_big_corner,
          serial_library_hellmonk_long_bookcase,
          serial_library_hellmonk_semicircle,
          serial_library_hellmonk_reading_circle,
          serial_library_hellmonk_recessed_alcove,
          serial_library_hellmonk_recessed_alcove,
          serial_library_hellmonk_hallway_a, serial_library_hellmonk_hallway_b,
          serial_library_hellmonk_h_bend
D:8:      layout_loops_ring, general_overflow_altar, nrook_loot_triangle,
          kennysheep_generic_room_12
D:9:      layout_roguey, tso_oasis_becter, kennysheep_little_box
D:10:     layout_irregular_city, mainiacjoe_overflow_boulevard,
          mainiacjoe_overflow_catwalk, lair_entry_dummy, enter_bailey_3,
          hangedman_glass_teeth, nicolae_figureground_sparkle
D:11:     layout_basic, kennysheep_orc_monster_closet_entryway,
          gammafunk_ghost_nasty_kobolds, nicolae_kite_square_tiling_tiny,
          minmay_guarded_unrand_resistance
D:12:     layout_long_grid
D:13:     layout_loops_ring, uniq_nessos, uniq_erolcha
D:14:     layout_long_grid, erik_vaults_1, hangedman_decor_slide_cut,
          led_sif_pool
D:15:     hangedman_depths_entry_civil_slaughter, layout_rooms,
          minmay_misc_feat_x, minmay_microvault, uniq_jorgrun, uniq_roxanne
Lair:1:   layout_chaotic_city
Lair:2:   layout_long_grid, elwin_shoals_entry_rocks,
          nicolae_snake_entry_warm_welcome, chequers_serial_rivers_small_3,
          minivault_25, grunt_megastairs_3
Lair:3:   layout_small_grid, gammafunk_ghost_wrathful_warriors,
          dreamdust_wasp_nest, infiniplex_staircase_pool
Lair:4:   layout_loops_ring, dpeg_slime_entry_enclosed, grunt_megastairs_5
Lair:5:   due_jungle_book, layout_concentric_octagons, gauntlet_entry_generic,
          chequers_serial_rivers_small_3
Snake:1:  layout_honeycomb, serial_shops, nicolae_square_shop, drop_trap
Snake:2:  layout_gridlike, serial_shops, shop, shop,
          nicolae_shop_hallway_stairs, shop, st_stairs_1, minmay_shop_grove,
          uniq_aizul
Orc:1:    layout_caves, special_room [special_room_orc], nicolae_orc_lava_tube,
          uniq_nergalle, uniq_snorg
Orc:2:    st_orc_rangers, layout_caves, serial_shops, shop,
          gammafunk_ghost_split

Skill      XL: |  1  2  3  4  5  6  7  8  9 10 11 12 13 14 15 16 |
---------------+-------------------------------------------------+-----
Fighting       | 4 5 6 7 8 9 11 12 14 15 17 | 17.4
Axes           | 4 5 6 8 10 12 15 17 18 19 20 21 | 21.1
Armour         | 3 5 7 8 9 11 13 14 15 16 | 16.7
Dodging        | 3 4 5 |  5.7
Stealth        | 1 2 3 |  3.2
Shields        | 4 7 9 12 13 | 13.9

Action                     |  1- 3 |  4- 6 |  7- 9 | 10-12 | 13-15 | 16-18 || total
---------------------------+-------+-------+-------+-------+-------+-------++-------
  Melee: Hand axe          |    71 |    94 |       |       |       |       ||   165
         Headbutt          |    10 |    17 |    36 |    76 |   206 |    26 ||   371
         Punch             |     2 |     1 |     1 |       |       |       ||     4
         War axe           |       |    24 |    59 |       |       |       ||    83
         Battleaxe         |       |       |   188 |   240 |       |       ||   428
         Broad axe         |       |       |       |   135 |  1040 |   119 ||  1294
 Invoke: Berserk           |     1 |     2 |     3 |     4 |     6 |     1 ||    17
         Brothers in Arms  |       |       |       |     3 |     4 |       ||     7
  Evoke: Wand              |       |       |       |       |     3 |       ||     3
    Use: Scroll            |       |       |    19 |     7 |     6 |     1 ||    33
         Potion            |       |       |       |       |     2 |       ||     2
   Stab: Confused          |       |       |       |       |     3 |       ||     3
         Distracted        |       |       |       |       |     2 |       ||     2
         Paralysed         |       |       |       |       |     1 |     1 ||     2
         Petrifying        |       |       |       |       |     1 |       ||     1
 Armour: Ring mail         |    41 |    53 |       |       |       |       ||    94
         Chain mail        |       |    12 |     7 |       |       |       ||    19
         Plate armour      |       |       |   267 |   408 |   654 |       ||  1329
         Crystal plate arm |       |       |       |       |   100 |    57 ||   157
  Dodge: Dodged            |    42 |    49 |   112 |   181 |   200 |     5 ||   589
  Block: Kite shield       |       |       |       |    88 |   988 |   178 ||  1254
